 Dungeon Crawl Stone Soup version 0.22-a0-377-g846bec1 (webtiles) character file.

410 JeffiDaFish the Grave Robber (level 6, -2/51 HPs)
             Began as a Draconian Necromancer on Apr 27, 2018.
             Slain by an orc priest
             ... wielding a +0 falchion
              (3 damage)
             ... on level 4 of the Dungeon.
             The game lasted 00:15:07 (4153 turns).

JeffiDaFish the Grave Robber (DrNe)                 Turns: 4153, Time: 00:15:07

Health: -2/51      AC:  8    Str: 11    XL:     6   Next: 58%
Magic:  17/21      EV: 13    Int: 17    God:
Gold:   184        SH:  0    Dex: 11    Spells: 6/13 levels left

rFire    . . .     SeeInvis .   l - +5 quarterstaff (chaos)
rCold    . . .     Gourm    .   (shield currently unavailable)
rNeg     . . .     Faith    .   (armour unavailable)
rPois    .         Spirit   .   (helmet restricted)
rElec    .         Reflect  .   g - +1 cloak
rCorr    .         Harm     .   (no gloves)
MR       .....                  (no boots)
Stlth    ++........             (no amulet)
HPRegen  1.17/turn              j - ring of magical power (curse)
MPRegen  0.17/turn              (no ring)

@: regenerating (expiring)
A: unfitting armour, cold-blooded, AC +6
a: no special abilities


You were on level 4 of the Dungeon.
You were not hungry.

You visited 1 branch of the dungeon, and saw 4 of its levels.

You collected 184 gold pieces.

Inventory:

Hand Weapons
 e - a +2 mace of protection
 k - a +2 mace of draining
 l - a +5 quarterstaff of chaos (weapon)
Armour
 g - a +1 cloak (worn)
Jewellery
 a - an uncursed ring of fire
 j - a cursed ring of magical power (left hand)
Wands
 h - a wand of random effects (23)
Scrolls
 f - 2 scrolls of teleportation
 i - a scroll of amnesia
 m - a scroll of remove curse
 n - 2 scrolls of identify
Potions
 d - a potion of haste
Comestibles
 b - 5 rations
 c - 9 chunks of flesh


   Skills:
 * Level 3.3 Fighting
 + Level 0.7 Staves
 - Level 3.0 Dodging
 - Level 1.7 Stealth
 + Level 4.0 Spellcasting
 - Level 5.2 Necromancy


You had 6 spell levels left.
You knew the following spells:

 Your Spells              Type           Power        Failure   Level  Hunger
a - Pain                  Necr           ###.         1%          1    None
b - Vampiric Draining     Necr           ###.......   5%          3    ###....
c - Regeneration          Chrm/Necr      ##........   16%         3    ###....


Dungeon Overview and Level Annotations

Branches:
Dungeon (4/15)
 Temple: D:4-7

Altars:
Gozag
Makhleb
Yredelemnul
The Shining One


Innate Abilities, Weirdness & Mutations

Your plain brown scales are hard. (AC +6)
You cannot fit into any form of body armour.
You are cold-blooded and may be slowed by cold attacks.


Message History

The orc wizard blinks!
You sock the orc priest!
You tail-slap the orc priest, but do no damage.
The orc priest is severely wounded.
The orc priest hits you but does no damage.
Something hits you but does no damage.
Your skin is crawling a little less now.
The orc wizard gestures wildly while chanting.
The orc wizard blinks!
The orc priest calls down the wrath of Beogh upon you.
Pain shoots through your body!
* * * LOW HITPOINT WARNING * * *
Something hits you.
* * * LOW HITPOINT WARNING * * *
You barely miss the orc priest.
The orc priest is severely wounded.
The orc hits you with a falchion.
* * * LOW HITPOINT WARNING * * *
The orc priest hits you with a falchion.
You die...

##############
#.....##.....##
..............#
..............# ##
......##.o##.####.#
.<....##o.##.##<..# ##
.......'...#...oo.#..##.
.......#...#...o@.......
......##..##.##{.##.....
......##..##.##.ยง# ##.
.................##
#.....##.....o....#
########........>.#
.(................#
..................#
#.....##.........##


You could see an orc priest, an orc wizard and 2 orcs.

Vanquished Creatures
  A phantom (D:2)
  The ghost of Alphaeus the Ducker, an amateur DEMo (D:4)
  Crazy Yiuf (D:2)
  An iguana (D:3)
  A worker ant (D:2)
  Robin (D:2)
  4 gnolls
  2 adders (D:2)
  An adder skeleton (D:4)
  3 worms
  3 dart slugs
  7 leopard geckos
  3 bats
  5 giant cockroaches
  20 goblins
  9 hobgoblins
  7 jackals
  3 quokkas
  A ball python (D:1)
  2 frilled lizards
  6 kobolds
  A leopard gecko skeleton (D:4)
  2 rats (D:1)
  A fungus (D:2)
86 creatures vanquished.

Notes
Turn   | Place    | Note
-------+----------+-------------------------------------------
     0 | D:1      | JeffiDaFish the Draconian Necromancer began the quest for the Orb.
     0 | D:1      | Reached XP level 1. HP: 14/14 MP: 3/3
   353 | D:1      | Reached XP level 2. HP: 12/20 MP: 1/5
  1094 | D:1      | Reached XP level 3. HP: 13/27 MP: 0/6
  1302 | D:1      | Reached skill level 1 in Fighting
  1550 | D:2      | Learned a level 3 spell: Vampiric Draining
  1554 | D:2      | Learned a level 3 spell: Regeneration
  1630 | D:2      | Found an opulent altar of Gozag.
  1710 | D:2      | Found a glowing golden altar of the Shining One.
  1726 | D:2      | Noticed Robin
  1739 | D:2      | Killed Robin
  1753 | D:2      | Reached XP level 4. HP: 22/35 MP: 3/8
  1902 | D:2      | Found a basalt altar of Yredelemnul.
  2297 | D:2      | Noticed a phantom
  2533 | D:2      | Reached XP level 5. HP: 41/41 MP: 9/9
  2721 | D:2      | Found a runed door.
  2725 | D:2      | Noticed Crazy Yiuf
  2730 | D:2      | Killed Crazy Yiuf
  2730 | D:2      | Reached skill level 5 in Necromancy
  2864 | D:2      | Killed a phantom
  3076 | D:3      | Found a burning altar of Makhleb.
  3307 | D:3      | Reached XP level 6. HP: 49/49 MP: 11/11
  4060 | D:4      | Noticed Alphaeus's ghost (amateur DEMo)
  4080 | D:4      | Killed Alphaeus's ghost
  4153 | D:4      | HP: 1/51 [orc/falchion (3)]
  4153 | D:4      | Slain by an orc priest

Vault maps used:
D:1:      minmay_arrival_radiant_lines, corexii_leaking_fountain,
          minmay_misc_feat_roman
D:2:      grunt_gozag_breadcrumbs, lemuel_round_altar, hangedman_decor_riveting,
          tso_metal_star, uniq_crazy_yiuf_cottage, uniq_robin
D:3:      old_standard_altar
D:4:      zin_treasury, cheibriados_altar_1, first_ration

Skill      XL: |  1  2  3  4  5  6 |
---------------+-------------------+-----
Dodging        | 2 3 |  3.0
Fighting       | 1 2 3 |  3.3
Spellcasting   | 3 4 |  4.0
Necromancy     | 5 |  5.2
Staves         | |  0.7
Stealth        | |  1.7

Action                   |  1- 3 |  4- 6 || total
-------------------------+-------+-------++-------
Melee: Unarmed           |    16 |       ||    16
       Tailslap          |     4 |    11 ||    15
       Spear             |     4 |       ||     4
       Mace              |    19 |    59 ||    78
       Quarterstaff      |       |    49 ||    49
 Cast: Pain              |    51 |    40 ||    91
       Regeneration      |       |     9 ||     9
  Use: Potion            |     3 |     4 ||     7
       Scroll            |     3 |     7 ||    10
 Stab: Sleeping          |       |     3 ||     3
  Eat: Chunk             |     3 |     6 ||     9
       Ration            |       |     1 ||     1
Armor: Skin              |    12 |    44 ||    56
Dodge: Dodged            |    26 |    85 ||   111

Table legend:
 A = Spawn XP
 B = Non-spawn XP
 C = Spawn XP percentage of total XP
 D = Spawn monster count
 E = Non-spawn monster count
 F = Spawn count percentage of total count
 G = Total turns spent on level
                    A         B        C        D         E        F      G
               +---------+---------+-------+---------+---------+-------+---------
         Total |       0 |     587 |   0.0 |       0 |      85 |   0.0 |  4153
               +---------+---------+-------+---------+---------+-------+---------
           D:1 |       0 |      54 |   0.0 |       0 |      23 |   0.0 |  1600
           D:2 |       0 |     317 |   0.0 |       0 |      44 |   0.0 |  1438
           D:3 |       0 |     101 |   0.0 |       0 |      12 |   0.0 |   893
           D:4 |       0 |     115 |   0.0 |       0 |       6 |   0.0 |   222
               +---------+---------+-------+---------+---------+-------+---------
